 Dungeon Crawl Stone Soup version 0.24.0-29-g8ce449bc06 (webtiles) character file.

Game seed: 8702627312958987684, levelgen mode: deterministic

1657 Johnny the Carver (level 8, -13/74 HPs)
             Began as a Troll Berserker on Nov 15, 2019.
             Was an Elder of Trog.
             Mangled by a cyan ugly thing (17 damage)
             ... on level 6 of the Dungeon.
             The game lasted 00:05:25 (4567 turns).

Johnny the Carver (Troll Berserker)                 Turns: 4567, Time: 00:05:25

Health: -13/74     AC:  7    Str: 28    XL:     8   Next: 68%
Magic:  7/7        EV: 12    Int:  3    God:    Trog [****..]
Gold:   297        SH:  0    Dex:  9    Spells: 7/7 levels left

rFire    . . .     SeeInvis .   a - +0 falchion
rCold    . . .     Gourm    +   (no shield)
rNeg     . . .     Faith    .   b - +0 animal skin
rPois    .         Spirit   .   (helmet restricted)
rElec    .         Reflect  .   i - +0 cloak
rCorr    .         Harm     .   (gloves unavailable)
MR       ++...                  (boots unavailable)
Stlth    ..........             (no amulet)
HPRegen  1.62/turn              l - ring of attention
MPRegen  0.10/turn              (no ring)

@: berserk cooldown, regenerating, slowed, very slow
A: large, unfitting armour, claws 3, fast metabolism 3, gourmand, regeneration
1, shaggy fur 1, tough skin 3
a: Berserk, Trog's Hand, Brothers in Arms, Renounce Religion


You were on level 6 of the Dungeon.
You worshipped Trog.
Trog was greatly pleased with you.
You were not hungry.

You visited 1 branch of the dungeon, and saw 6 of its levels.

You collected 297 gold pieces.

Inventory:

Hand Weapons
 a - a +0 falchion (weapon)
 m - a +0 dagger of protection
Armour
 b - a +0 animal skin (worn)
 i - a +0 cloak (worn)
Jewellery
 f - an uncursed ring of ice
 l - a ring of attention (left claw)
Wands
 u - a wand of flame (13)
Scrolls
 g - 3 scrolls of remove curse
 h - a scroll of amnesia {unknown}
 j - a scroll of enchant armour {unknown}
 k - 2 scrolls of identify
 n - a scroll of enchant weapon {unknown}
 o - 2 scrolls of magic mapping {unknown}
 p - 3 scrolls of fear
 t - a scroll of random uselessness {unknown}
 v - 2 scrolls of teleportation {unknown}
Potions
 d - 2 potions of cancellation {unknown}
 e - a potion of might {unknown}
 q - a potion of magic {unknown}
 r - a potion of heal wounds {unknown}
 s - a potion of lignification {unknown}
 w - a potion of curing
 x - a potion of haste {unknown}
 z - a potion of flight {unknown}
Comestibles
 c - 12 rations


   Skills:
 - Level 2.4 Fighting
 * Level 8.0 Long Blades
 + Level 5.8 Dodging


You had 7 spell levels left.
You didn't know any spells.
Your spell library contained the following spells:

 Spells                   Type           Power        Failure   Level  Hunger
 Confusing Touch          Hex            #.....       52%         1    ##.....
 Confuse                  Hex            #.......     88%         3    ####...
 Gell's Gravitas          Tloc           #.........   88%         3    ####...
 Petrify                  Tmut/Erth      #.......     99%         4    #####..
 Metabolic Englaciation   Hex/Ice        #.........   100%        5    ######.
 Yara's Violent Unravell  Hex/Tmut       #.........   100%        5    ######.


Dungeon Overview and Level Annotations

Branches:
Dungeon (6/15)             Temple (0/1) D:6

Altars:
Ashenzari

Annotations:
D:6 Gumption's ghost, novice HuNe


Innate Abilities, Weirdness & Mutations

You are too large for most types of armour.
You have claws for hands.
Your metabolism is lightning-fast.
You like to eat raw meat.
Your natural rate of healing is unusually fast.
You are covered in fur. (AC +1)
You have extremely tough skin. (AC +3)


Message History

The cyan ugly thing is lightly wounded.
The cyan ugly thing punches you!
* * * LOW HITPOINT WARNING * * *
The cyan ugly thing shocks you!
* * * LOW HITPOINT WARNING * * *
You feel a strong urge to attack something.
You feel your anger nearly subside.
You are no longer berserk.
You are exhausted.
You feel yourself slow down.
As you read the scroll labeled KUMEEB FUIVAJ, it crumbles to dust.
You feel as if something is helping you.
It was a scroll of remove curse.
The cyan ugly thing punches you but does no damage.
As you read the scroll labeled DEUSME ORAU, it crumbles to dust.
It is a scroll of identify.
p - 3 scrolls of fear The cyan ugly thing punches you!
* * * LOW HITPOINT WARNING * * *
The cyan ugly thing shocks you!
You die...

............(...##..#..#
..##.........#..#..##.##
..#.........###....#..##
#...............W#.....#
.....#####......#.....##
.....#W..#......##....#
.....'$?.#..#.##.#....#
.....#.!.####....uW..##
.....#####......@.....#
.#....###........#....##
.#....##........##..#..#
..........#...####...###
##.........#...#######
#...............#
...............##
.##...##.......#
.##....##......#


You could see a cyan ugly thing and Gumption's ghost.

Vanquished Creatures
  Prince Ribbit (D:5)
  Sigmund (D:3)
  A phantom (D:4)
  A sky beast (D:5)
  2 ogres
  A centaur (D:2)
  3 scorpions
  A howler monkey (D:4)
  3 crimson imps
  A hound (D:6)
  An orc priest (D:5)
  An orc wizard (D:4)
  A bullfrog skeleton (D:6)
  2 iguanas (D:5)
  Natasha (twice) (D:3)
  2 worker ants
  A hound zombie (D:6)
  A hound skeleton (D:4)
  A worker ant zombie (D:5)
  4 gnolls
  7 adders
  3 shadow imps
  An ooze (D:3)
  2 adder skeletons
  7 dart slugs
  3 leopard geckos
  9 orcs
  7 bats
  2 giant cockroaches (D:2)
  15 goblins
  10 hobgoblins
  21 jackals
  A quokka (D:3)
  3 frilled lizards (D:1)
  7 kobolds
  A leopard gecko skeleton (D:4)
  2 quokka skeletons
  8 rats
140 creatures vanquished.

Notes
Turn   | Place    | Note
-------+----------+-------------------------------------------
     0 | D:1      | Johnny the Troll Berserker began the quest for the Orb.
     0 | D:1      | Reached XP level 1. HP: 22/22 MP: 0/0
   102 | D:1      | Reached XP level 2. HP: 29/29 MP: 1/1
   184 | D:1      | Reached skill level 3 in Long Blades
   376 | D:1      | Reached ** piety under Trog
   376 | D:1      | Reached XP level 3. HP: 35/36 MP: 2/2
  1125 | D:2      | Reached XP level 4. HP: 44/44 MP: 3/3
  1230 | D:2      | Noticed a centaur
  1241 | D:2      | Killed a centaur
  1241 | D:2      | Reached skill level 4 in Long Blades
  1241 | D:2      | Reached XP level 5. HP: 33/50 MP: 4/4
  1778 | D:3      | Reached XP level 6. HP: 59/59 MP: 5/5
  1796 | D:3      | Reached *** piety under Trog
  1816 | D:3      | Noticed Natasha
  1823 | D:3      | Killed Natasha
  1889 | D:3      | Found a shattered altar of Ashenzari.
  2038 | D:3      | Found a faded altar of an unknown god.
  2169 | D:3      | Reached skill level 5 in Long Blades
  2481 | D:3      | Noticed Sigmund
  2491 | D:3      | Killed Sigmund
  2797 | D:3      | Noticed Natasha
  2806 | D:3      | Killed Natasha
  2806 | D:3      | Reached XP level 7. HP: 64/66 MP: 6/6
  2914 | D:4      | Reached skill level 6 in Long Blades
  3357 | D:5      | Entered Level 5 of the Dungeon
  3507 | D:5      | Reached skill level 5 in Dodging
  3564 | D:5      | Noticed Prince Ribbit
  3582 | D:5      | Killed Prince Ribbit
  3582 | D:5      | Reached skill level 7 in Long Blades
  3582 | D:5      | Reached XP level 8. HP: 58/74 MP: 7/7
  3723 | D:5      | Reached **** piety under Trog
  4226 | D:6      | Found a runed translucent door.
  4226 | D:6      | Noticed a cyan ugly thing
  4227 | D:6      | Noticed Gumption's ghost (novice HuNe)
  4354 | D:6      | Reached skill level 8 in Long Blades
  4385 | D:6      | Found a staircase to the Ecumenical Temple.
  4567 | D:6      | Mangled by a cyan ugly thing

Levels and vault maps discovered:
D:1:      eino_arrival_water_star, layout_loops_corners, minmay_tetromino_l2
D:2:      layout_loops_cross
D:3:      layout_basic, marbit_many_paths, chequers_ecumenical_altar_lobes,
          uniq_sigmund, uniq_natasha
D:4:      layout_basic, first_ration
D:5:      layout_basic, minmay_ogre_servants, uniq_prince_ribbit1
D:6:      layout_cave_pools, minmay_temple_entry_grid, ebering_ghost_inner_flame

Skill      XL: |  1  2  3  4  5  6  7  8 |
---------------+-------------------------+-----
Long Blades    | 3 4 5 7 8 |  8.0
Dodging        | 3 4 5 |  5.8
Fighting       | |  2.4

Action                   |  1- 3 |  4- 6 |  7- 9 || total
-------------------------+-------+-------+-------++-------
Melee: Falchion          |   150 |   206 |   268 ||   624
Invok: Berserk           |       |     2 |     3 ||     5
       Trog's Hand       |       |       |     2 ||     2
Evoke: Wand              |       |       |     7 ||     7
  Use: Potion            |       |       |     2 ||     2
       Scroll            |       |       |     2 ||     2
  Eat: Chunk             |    16 |    13 |    20 ||    49
Armor: Animal skin       |    93 |    79 |    91 ||   263
Dodge: Dodged            |   143 |   132 |   150 ||   425
       Rpst.: Falchion   |    40 |    44 |    50 ||   134
